[Event "*** SCC Grand Prix: Titled Tuesday Blitz"]
[Site "Chess.com"]
[Date "2020.09.08"]
[Round "6"]
[White "laboratorio25"]
[Black "Yoshikrov"]
[Result "1-0"]
[WhiteElo "2402"]
[BlackElo "2109"]
[TimeControl "180+1"]
[EndTime "11:04:57 PDT"]
[Termination "laboratorio25 won by resignation"]

1. e4 c5 2. Nf3 d6 3. d4 cxd4 4. Nxd4 Nf6 5. Nc3 a6 6. Be3 e5 7. Nb3 Be6 8. f3 h5 9. Qd2 Nbd7 10. O-O-O b5 11. Bd3 Nb6 12. Kb1 Rc8 13. g3 Nc4 14.
Qe2 Nxe3 15. Qxe3 Qc7 16. f4 Bc4 17. fxe5 dxe5 18. Nd5 Nxd5 19. exd5 Bxd3 20. Rxd3 Bd6 21. Rc3 Qd7 22. Rxc8+ Qxc8 23. Qb6 Qc7 24. Qxa6 O-O 25. Qxb5 Rb8 26. Qd3 Rb4 27. c3 Rg4 28. Rc1 h4 29. c4 hxg3 30. hxg3 e4 31. Qe2 Bxg3 32. Qxg4 1-0

[Event "*** SCC Grand Prix: Titled Tuesday Blitz"]
[Site "Chess.com"]
[Date "2020.09.08"]
[Round "6"]
[White "alejogarcia1999"]
[Black "sodastream007"]
[Result "0-1"]
[WhiteElo "2357"]
[BlackElo "2549"]
[TimeControl "180+1"]
[EndTime "11:04:58 PDT"]
[Termination "sodastream007 won by resignation"]

1. Nf3 d5 2. g3 Nf6 3. Bg2 g6 4.
O-O Bg7 5. c4 O-O 6. cxd5 Nxd5 7. Nc3 Nc6 8. d4 e5 9. Nxd5 e4 10. Nc3 exf3 11. Bxf3 Nxd4 12. Bg2 c6 13. Be3 Bg4 14.
Bxd4 Qxd4 15. Qb3 Qb6 16. h3 Bf5 17. e4 Be6 18. Qc2 Rad8 19. Rfd1 Qb4 20. Rd2 Rxd2 21. Qxd2 Bf6 22. Rd1 Rd8 23. Qc2 Rxd1+ 24. Qxd1 Qxb2 25. Na4 Qb4 26. f4 Qd4+ 27. Qxd4 Bxd4+ 28. Kh2 b5 0-1

[Event "*** SCC Grand Prix: Titled Tuesday Blitz"]
[Site "Chess.com"]
[Date "2020.09.08"]
[Round "6"]
[White "VerdeNotte"]
[Black "CaspiIsrael"]
[Result "1-0"]
[WhiteElo "2854"]
[BlackElo "2655"]
[TimeControl "180+1"]
[EndTime "11:05:01 PDT"]
[Termination "VerdeNotte won by checkmate"]

1. c4 e6 2. g3 Nf6 3. Bg2 d5 4. Nf3 Be7 5. O-O O-O 6. b3 d4 7. e3 c5 8. exd4 cxd4 9. d3 Nc6 10. Re1 Nd7 11. Ba3 Bxa3 12. Nxa3 e5 13. Qd2 Re8 14. b4 Qe7 15. Nb5 Qd8 16. Nd6 Re6 17. Nxf7 Kxf7 18. Ng5+ Ke7 19. Nxe6 Kxe6 20. b5 Ne7 21. f4 Ng6 22.
f5+ Kxf5 23. Bh3+ Kf6 24. Qb4 Qe7 25. Rf1+ Kg5 26. Qd2+ Nf4 27. gxf4+ Kh4 28. Qg2 Nc5 29.
Bxc8 Rxc8 30. Rf3 Qe6 31. Qg5# 1-0

[Event "*** SCC Grand Prix: Titled Tuesday Blitz"]
[Site "Chess.com"]
[Date "2020.09.08"]
[Round "6"]
[White "Martins-BR"]
[Black "kinga2008"]
[Result "1-0"]
[WhiteElo "2266"]
[BlackElo "2132"]
[TimeControl "180+1"]
[EndTime "11:05:03 PDT"]
[Termination "Martins-BR won by resignation"]

1. e4 c5 2. Nf3 a6 3. Nc3 Nc6 4. d4 cxd4 5. Nxd4 e5 6. Nxc6 bxc6 7. Bc4 Nf6 8. Bg5 Bb4 9. O-O h6 10. Bxf6 Qxf6 11. Qd3 O-O 12. Na4 Rd8 13. c3 Ba5 14. b4 Bc7 15. Rad1 d5 16. exd5 cxd5 17. Bxd5 Bb7 18. Qc4 Bxd5 19. Rxd5 Bb6 20. Nxb6 Qxb6 21.
Rxe5 Rdc8 22. Qe4 Ra7 23. Rc1 Rac7 24. Re8+ Rxe8 25. Qxe8+ Kh7 26. Qe4+ g6 27. g3 a5 28. a3 axb4 29. axb4 f5 30. Qe3 Qxe3 31. fxe3 Kg7 32.
c4 Kf6 33. c5 Ke5 34. b5 Kd5 35. b6 Rc8 36. b7 Rb8 37. c6 1-0

[Event "*** SCC Grand Prix: Titled Tuesday Blitz"]
[Site "Chess.com"]
[Date "2020.09.08"]
[Round "6"]
[White "kayrakamer"]
[Black "dpopadic"]
[Result "1-0"]
[WhiteElo "2606"]
[BlackElo "2355"]
[TimeControl "180+1"]
[EndTime "11:05:05 PDT"]
[Termination "kayrakamer won by resignation"]

1. e4 c5 2. Nf3 Nc6 3. Nc3 e5 4. Bc4 Be7 5. O-O Nf6 6. Ng5 O-O 7. f4 exf4 8. Rxf4 d6 9. d3 Ne5 10. Bb3 h6 11. Nh3 Bg4 12. Qf1 Ng6 13. Rf2 Bxh3 14. gxh3 a6 15. Nd5 Nxd5 16. Bxd5 Bf6 17. c3 Kh7 18. Bxb7 Ra7 19. Bd5 Bg5 20. Bxf7 Bxc1 21. Bxg6+ Kxg6 22. Rxf8 Qg5+ 23. Kh1 Bxb2 24. h4 Qe5 25.
Qg2+ Kh7 26. Qxb2 1-0

[Event "*** SCC Grand Prix: Titled Tuesday Blitz"]
[Site "Chess.com"]
[Date "2020.09.08"]
[Round "6"]
[White "mortngabriel"]
[Black "Goryachkina"]
[Result "0-1"]
[WhiteElo "2400"]
[BlackElo "2599"]
[TimeControl "180+1"]
[EndTime "11:05:08 PDT"]
[Termination "Goryachkina won by resignation"]

1. e4 e6 2. Nf3 d5 3. e5 c5 4. b4 b6 5. c3 d4 6. bxc5 bxc5 7. cxd4 cxd4 8. Qa4+ Bd7 9. Qxd4 Nc6 10. Qe3 Nh6 11.
Bd3 Nb4 12. Be4 Rc8 13. O-O Bb5 14. Re1 Bd3 15. Na3 Bc5 16. Qf4 O-O 17. Qg5 Qxg5 18. Nxg5 Ng4 19. Nh3 Bd4 20. Bxd3 Nxd3 0-1

[Event "*** SCC Grand Prix: Titled Tuesday Blitz"]
[Site "Chess.com"]
[Date "2020.09.08"]
[Round "6"]
[White "Torrentec"]
[Black "DarZay"]
[Result "1-0"]
[WhiteElo "2317"]
[BlackElo "2029"]
[TimeControl "180+1"]
[EndTime "11:05:08 PDT"]
[Termination "Torrentec won by checkmate"]

1. e4 e5 2. Nf3 Nc6 3. Bc4 Bc5 4.
d3 Nf6 5. Be3 Bxe3 6. fxe3 d5 7.
exd5 Nxd5 8. Qd2 O-O 9. O-O Nb6 10. Bb3 Bg4 11. h3 Bxf3 12. Rxf3 e4 13. dxe4 Qh4 14.
Nc3 Ne5 15. Rf4 Qg5 16. Raf1 Rad8 17. Qf2 Nbc4 18. Rf5 Qe7 19. Nd5 Qc5 20. Bxc4 Nxc4 21. Rxf7 Rxf7 22. Qxf7+ Kh8 23. Ne7 h6 24. Ng6+ Kh7 25.
Nf8+ Kh8 26. Ne6 Qxe3+ 27. Kh1 Ra8 28. Qxg7# 1-0

[Event "*** SCC Grand Prix: Titled Tuesday Blitz"]
[Site "Chess.com"]
[Date "2020.09.08"]
[Round "6"]
[White "UmarovSabir"]
[Black "Shota_Azaladze"]
[Result "0-1"]
[WhiteElo "2363"]
[BlackElo "2643"]
[TimeControl "180+1"]
[EndTime "11:05:11 PDT"]
[Termination "Shota_Azaladze won on time"]

1. e4 g6 2. d4 Bg7 3. Nc3 c5 4. d5 d6 5. Nf3 Nf6 6. Bg5 O-O 7. Qd2 Bg4 8. Be2 Nbd7 9. h3 Bxf3 10. Bxf3 Qa5 11. O-O b5 12. Bh6 Ne5 13. Be2 b4 14. Bxg7 Kxg7 15. Nd1 Nxe4 16. Qe3 f5 17. Bd3 Nf6 18.
f4 Nf7 19. c4 Rfe8 20. Re1 Qc7 21. Nf2 e5 22. dxe6 Nd8 23. e7 Nc6 24. Rad1 Rxe7 25.
Qd2 Rae8 26. Kh2 Nd4 27. Rxe7+ Rxe7 28. Bb1 d5 29. cxd5 Nxd5 30. Nd3 Re3 0-1

[Event "*** SCC Grand Prix: Titled Tuesday Blitz"]
[Site "Chess.com"]
[Date "2020.09.08"]
[Round "6"]
[White "PauloCesarCosta_sad"]
[Black "Morshynska"]
[Result "1/2-1/2"]
[WhiteElo "2277"]
[BlackElo "2167"]
[TimeControl "180+1"]
[EndTime "11:05:12 PDT"]
[Termination "Game drawn by agreement"]

1. Nf3 d5 2. d4 Nf6 3. c4 e6 4.
Nc3 Be7 5. Bg5 O-O 6. e3 Nbd7 7.
Bd3 b6 8. cxd5 exd5 9. O-O Bb7 10. Rc1 c5 11. Qc2 c4 12. Bf5 Re8 13. Bh4 g6 14. Bxd7 Nxd7 15. Bxe7 Qxe7 16. Nb5 Rec8 17. a4 Bc6 18. Nc3 a6 19. Ra1 b5 20. axb5 axb5 21. Rfb1 Nb6 22. Qc1 b4 23. Rxa8 Rxa8 24. Ne2 Bd7 25.
Ra1 Qd8 26. Ne5 Be8 27. Nf4 1/2-1/2

[Event "*** SCC Grand Prix: Titled Tuesday Blitz"]
[Site "Chess.com"]
[Date "2020.09.08"]
[Round "6"]
[White "NiranjanNavalgund"]
[Black "KatarinaOstojic"]
[Result "1-0"]
[WhiteElo "2445"]
[BlackElo "2331"]
[TimeControl "180+1"]
[EndTime "11:05:16 PDT"]
[Termination "NiranjanNavalgund won by checkmate"]

1. e4 c5 2. d4 cxd4 3. c3 d3 4. Nf3 Nc6 5. Na3 e6 6. Nc4 Be7 7. Bxd3 d6 8. O-O Nf6 9. e5 dxe5 10.
Ncxe5 Nxe5 11. Nxe5 O-O 12. Qf3 Qa5 13. Bf4 Qd5 14.
Qh3 g6 15. Rfe1 Rd8 16. Rad1 Qc5 17. Bc2 b6 18. Rxd8+ Bxd8 19. Qf3 Qd5 20. Qh3 Bb7 21. Bb3 Qc5 22. Nxf7 Bd5 23. Nh6+ Kg7 24. Bxd5 Nxd5 25. Be5+ Bf6 26. Qxe6 Kxh6 27. Bxf6 Rf8 28. Qh3# 1-0

[Event "*** SCC Grand Prix: Titled Tuesday Blitz"]
[Site "Chess.com"]
[Date "2020.09.08"]
[Round "6"]
[White "amatatanav"]
[Black "HrvojeZagreb"]
[Result "1-0"]
[WhiteElo "2408"]
[BlackElo "2166"]
[TimeControl "180+1"]
[EndTime "11:05:17 PDT"]
[Termination "amatatanav won on time"]

1. e4 d6 2. d4 Nf6 3. Nc3 Nbd7 4. f4 e5 5. Nf3 exd4 6. Nxd4 Nc5 7. Qf3 Bg4 8. Qg3 Qe7 9. e5 O-O-O 10. Be3 dxe5 11. fxe5 Rxd4 12. Bxd4 h5 13. Qe3 Nfd7 14. Nd5 Qe6 15.
Bc4 1-0

[Event "*** SCC Grand Prix: Titled Tuesday Blitz"]
[Site "Chess.com"]
[Date "2020.09.08"]
[Round "6"]
[White "aloe_normansen"]
[Black "iLuusions"]
[Result "0-1"]
[WhiteElo "2351"]
[BlackElo "2563"]
[TimeControl "180+1"]
[EndTime "11:05:21 PDT"]
[Termination "iLuusions won by resignation"]

1. e4 c5 2. Nf3 d6 3. d4 cxd4 4. Nxd4 Nf6 5. Nc3 a6 6. Bg5 Nbd7 7. Bc4 Qc7 8. Bb3 h6 9. Bh4 e6 10. Qe2 Nc5 11. O-O-O Be7 12. Rhe1 Nxb3+ 13. axb3 b5 14. Nd5 Nxd5 15. exd5 Bxh4 16. dxe6 O-O 17. g3 Bf6 18. exf7+ Qxf7 19. Nc6 d5 20. f4 Bf5 21. g4 Be4 22. Nd4 Bxd4 23. Rxd4 Qxf4+ 24. Kb1 Qf3 25. Qd2 Rac8 26.
Rc1 Qf2 0-1

[Event "*** SCC Grand Prix: Titled Tuesday Blitz"]
[Site "Chess.com"]
[Date "2020.09.08"]
[Round "6"]
[White "MF1966Idrisov"]
[Black "chessplayer9919"]
[Result "0-1"]
[WhiteElo "2396"]
[BlackElo "2593"]
[TimeControl "180+1"]
[EndTime "11:05:24 PDT"]
[Termination "chessplayer9919 won by resignation"]

1. Nf3 d5 2. b3 c5 3. Bb2 Nc6 4. e3 Nf6 5. d4 Bg4 6. Be2 e6 7.
O-O cxd4 8. Nxd4 Bxe2 9. Qxe2 Nxd4 10. Bxd4 Bd6 11. Nd2 O-O 12. c4 e5 13. Bb2 e4 14.
Rfd1 Qe7 15. cxd5 Nxd5 16. Nc4 Rad8 17. Rxd5 Bxh2+ 18. Kxh2 Qh4+ 19. Kg1 Rxd5 20. a4 Rh5 21. f4 Qh2+ 22. Kf2 Rh3 23. Rg1 Rf3+ 0-1

[Event "*** SCC Grand Prix: Titled Tuesday Blitz"]
[Site "Chess.com"]
[Date "2020.09.08"]
[Round "6"]
[White "pavlitas17"]
[Black "Vsevolod_Ovchinnikov"]
[Result "0-1"]
[WhiteElo "2366"]
[BlackElo "2563"]
[TimeControl "180+1"]
[EndTime "11:05:29 PDT"]
[Termination "Vsevolod_Ovchinnikov won by resignation"]

1. d4 Nf6 2. c4 g6 3. Nc3 d5 4. e4 dxe4 5. Bg5 Nbd7 6. g3 h6 7. Be3 c6 8. Bg2 Nb6 9. Qb3 Be6 10. d5 cxd5 11. Bxb6 Qxb6 12. Qxb6 axb6 13. cxd5 Nxd5 14. Bxe4 Nxc3 15. bxc3 Rxa2 16. Rxa2 Bxa2 17. Bxb7 Bg7 18. Bc6+ Kd8 19. Ne2 Kc7 20. Be4 Bc4 21. Nd4 Rd8 22. Ne2 f5 23. Bf3 e5 24. g4 e4 25. Bg2 Ra8 26. gxf5 Ra1+ 27. Kd2 Ra2+ 28. Ke3 Rxe2+ 29. Kf4 Rxf2+ 30. Kg3 Rxf5 31. Bxe4 Be5+ 32. Kg4 Rf4+ 33. Kh3 Rxe4 34. Rg1 Be6+ 35. Kg2 Rg4+ 36. Kf2 Rxg1 0-1

[Event "*** SCC Grand Prix: Titled Tuesday Blitz"]
[Site "Chess.com"]
[Date "2020.09.08"]
[Round "6"]
[White "AldokhinIvan"]
[Black "Xeniya2005"]
[Result "1-0"]
[WhiteElo "2573"]
[BlackElo "2403"]
[TimeControl "180+1"]
[EndTime "11:05:33 PDT"]
[Termination "AldokhinIvan won by resignation"]

1. e4 e6 2. d4 d5 3. Nc3 Bb4 4. Ne2 dxe4 5. a3 Bxc3+ 6. Nxc3 Nf6 7. Bg5 h6 8. Bxf6 Qxf6 9. Nxe4 Qd8 10. Bd3 b6 11.
Qf3 c6 12. O-O-O Qc7 13. Qg4 f5 14. Qg6+ Kf8 15. Nc3 Qf4+ 16. Kb1 Qg5 17. Qxg5 hxg5 18. g4 g6 19. Rdg1 Nd7 20. gxf5 gxf5 21. Rxg5 Nf6 22.
Ne2 Kf7 23. Rhg1 Rh7 24. Nf4 Bd7 25. Ng6 Ng4 26. R5xg4 fxg4 27. Ne5+ 1-0

[Event "*** SCC Grand Prix: Titled Tuesday Blitz"]
[Site "Chess.com"]
[Date "2020.09.08"]
[Round "6"]
[White "giantslayer83"]
[Black "Chessdreamer2020"]
[Result "1/2-1/2"]
[WhiteElo "2695"]
[BlackElo "2378"]
[TimeControl "180+1"]
[EndTime "11:05:33 PDT"]
[Termination "Game drawn by agreement"]

1. c4 c5 2. Nf3 Nc6 3. Nc3 Nf6 4.
e3 d5 5. cxd5 Nxd5 6. d4 cxd4 7.
exd4 Bg4 8. Qb3 Bxf3 9. gxf3 e6 10. Qxb7 Nxd4 11. Bb5+ Nxb5 12. Qc6+ Ke7 13. Qxb5 Nxc3 14.
bxc3 Qd7 15. Bg5+ f6 16. Qxd7+ Kxd7 17. O-O-O+ Kc6 18. Be3 Ba3+ 19. Kc2 a5 20. Kb3 Be7 21. a4 Rab8+ 22. Kc4 Rb2 23. Rd2 Rxd2 24. Bxd2 Bc5 25.
Be3 Bxe3 26. fxe3 Rb8 27. Rg1 g6 28. h4 Rb2 29. h5 gxh5 30. Rh1 Ra2 31. Rxh5 Rxa4+ 32.
Kd3 Ra1 33. Rxh7 a4 34. e4 a3 35. Kc2 Rf1 36. Ra7 Rf2+ 37. Kb3 Rxf3 38. Rxa3 Re3 39. Ra6+ Kd7 40. Ra4 f5 1/2-1/2

[Event "*** SCC Grand Prix: Titled Tuesday Blitz"]
[Site "Chess.com"]
[Date "2020.09.08"]
[Round "6"]
[White "jamik13"]
[Black "Manukyan_Artak"]
[Result "1-0"]
[WhiteElo "2221"]
[BlackElo "2394"]
[TimeControl "180+1"]
[EndTime "11:05:35 PDT"]
[Termination "jamik13 won by resignation"]

1. d4 Nf6 2. Nc3 d5 3. Bf4 Bf5 4. f3 e6 5. g4 Bg6 6. h4 h5 7. g5 Nfd7 8. e3 Bd6 9. Bxd6 cxd6 10. Bd3 Bxd3 11. Qxd3 g6 12. f4 O-O 13. Nf3 Nc6 14. O-O Rc8 15. a3 a6 16. e4 dxe4 17. Nxe4 Qe7 18.
c4 d5 19. cxd5 exd5 20. Nc3 Nb6 21. f5 Qd6 22. Kg2 Nc4 23. b3 Nxa3 24. fxg6 Nb5 25. Nxb5 axb5 26. gxf7+ Rxf7 27. Qxb5 Qf4 28. Qxd5 Qg4+ 29.
Kh2 Rd8 30. Qxf7+ Kxf7 31. Ne5+ 1-0

[Event "*** SCC Grand Prix: Titled Tuesday Blitz"]
[Site "Chess.com"]
[Date "2020.09.08"]
[Round "6"]
[White "diablanni"]
[Black "GMJustin"]
[Result "1-0"]
[WhiteElo "2353"]
[BlackElo "2214"]
[TimeControl "180+1"]
[EndTime "11:05:35 PDT"]
[Termination "diablanni won by resignation"]

1. e4 c5 2. Nf3 d6 3. Bb5+ Bd7 4. Bxd7+ Nxd7 5. O-O Ngf6 6. Qe2 e6 7. b3 Be7 8. Bb2 O-O 9. c4 a6 10. d4 cxd4 11.
Nxd4 Qa5 12. Nc3 Rac8 13. Rad1 Rfd8 14. f4 Qh5 15. Nf3 Bf8 16. Kh1 Re8 17. e5 Ng4 18. exd6 Red8 19. Ne4 Nxh2 20. Ng3 1-0

[Event "*** SCC Grand Prix: Titled Tuesday Blitz"]
[Site "Chess.com"]
[Date "2020.09.08"]
[Round "6"]
[White "TregubovP"]
[Black "ChelsieMonica"]
[Result "1-0"]
[WhiteElo "2599"]
[BlackElo "2430"]
[TimeControl "180+1"]
[EndTime "11:05:39 PDT"]
[Termination "TregubovP won by resignation"]

1. e4 e5 2. Nf3 Nc6 3. Bb5 a6 4. Ba4 Nf6 5. d4 exd4 6. O-O Be7 7. e5 Ne4 8. Nxd4 Nc5 9. Nf5 g6 10. Nxe7 Qxe7 11. Nc3 Nxa4 12. Nd5 O-O 13. Nxe7+ Nxe7 14. Bg5 Nf5 15. g4 Ng7 16. c4 Nc5 17. Be7 Nce6 18. Bxf8 Nxf8 19. f4 d6 20. exd6 cxd6 21. h3 Be6 22. b3 Rd8 23. Qf3 Bc8 24. Rad1 Nge6 25. f5 Ng5 26. Qe3 f6 27. h4 Nf7 28. Qe7 Rd7 29.
Qxf6 1-0

[Event "*** SCC Grand Prix: Titled Tuesday Blitz"]
[Site "Chess.com"]
[Date "2020.09.08"]
[Round "6"]
[White "GukeshDommaraju"]
[Black "Mikheev1976"]
[Result "1-0"]
[WhiteElo "2765"]
[BlackElo "2409"]
[TimeControl "180+1"]
[EndTime "11:05:41 PDT"]
[Termination "GukeshDommaraju won by resignation"]

1. e4 e5 2. Nf3 Nf6 3. Nxe5 d6 4.
Nf3 Nxe4 5. Nc3 Nxc3 6. dxc3 Be7 7. Be3 Nc6 8. Qd2 Be6 9. O-O-O Qd7 10. b3 a6 11. h3 O-O-O 12. Nd4 Bf6 13. g4 Nxd4 14. Bxd4 Qe7 15. Bg2 c5 16. Bxf6 Qxf6 17. f4 Rhe8 18. f5 Bd7 19. Kb2 Kc7 20. g5 Qe5 21. Rhe1 Qg3 22.
Qd5 Bc6 23. Qxf7+ Kb6 24. Bxc6 1-0

[Event "*** SCC Grand Prix: Titled Tuesday Blitz"]
[Site "Chess.com"]
[Date "2020.09.08"]
[Round "6"]
[White "kot60"]
[Black "m_ezat"]
[Result "0-1"]
[WhiteElo "2421"]
[BlackElo "2587"]
[TimeControl "180+1"]
[EndTime "11:05:41 PDT"]
[Termination "m_ezat won by resignation"]

1. e4 c6 2. d4 d5 3. f3 dxe4 4. fxe4 e5 5. Nf3 Be6 6. Nc3 Nd7 7. d5 Bg4 8. Be2 Bc5 9. Qd3 Ngf6 10. Be3 Qb6 11. Bxc5 Nxc5 12. Qc4 O-O 13. O-O-O Rac8 14. d6 Be6 15. Na4 Nxa4 16. Qxa4 Qe3+ 17. Rd2 Nxe4 18.
Rd1 Rfd8 19. Kb1 Nxd2+ 20. Rxd2 Bd5 21. Qb4 a5 22. Qc3 Qxc3 23. bxc3 Rxd6 24. Kc1 Rcd8 25. Nxe5 Bxa2 26. Rxd6 Rxd6 27. Bd3 Be6 28. c4 Rd8 29. Kb2 f6 30. Nf3 b5 31. cxb5 cxb5 32. Bxb5 Rb8 33. Nd4 Bc4 0-1

[Event "*** SCC Grand Prix: Titled Tuesday Blitz"]
[Site "Chess.com"]
[Date "2020.09.08"]
[Round "6"]
[White "glebus008"]
[Black "ecwinslow"]
[Result "0-1"]
[WhiteElo "2164"]
[BlackElo "2288"]
[TimeControl "180+1"]
[EndTime "11:05:44 PDT"]
[Termination "ecwinslow won on time"]

1. e4 c5 2. Nf3 d6 3. Nc3 a6 4. g3 Nf6 5. Bg2 g6 6. e5 dxe5 7. O-O Nc6 8. d3 Bg7 9. Re1 Qd6 10. Ne4 Nxe4 11. Rxe4 Bf5 12. Re1 O-O 13. Nh4 Bd7 14. Be3 Rad8 15. Nf3 b5 16. Nd2 f5 17. f4 exf4 18. Bxf4 e5 19. Bg5 Rde8 20. Nf3 h6 21. Bd2 Nd4 22. Nxd4 exd4 23. Bf4 Qb6 0-1

[Event "*** SCC Grand Prix: Titled Tuesday Blitz"]
[Site "Chess.com"]
[Date "2020.09.08"]
[Round "6"]
[White "Infernal_XaM"]
[Black "DenLaz"]
[Result "0-1"]
[WhiteElo "2901"]
[BlackElo "2771"]
[TimeControl "180+1"]
[EndTime "11:05:45 PDT"]
[Termination "DenLaz won by resignation"]

1. d4 d5 2. c4 c6 3. Nc3 Nf6 4. Nf3 dxc4 5. a4 Bf5 6. Ne5 Nbd7 7. Nxc4 Nb6 8. Ne5 a5 9. f3 Nfd7 10. Nd3 e5 11. e4 exd4 12. Ne2 Bg6 13. Nxd4 Nc5 14.
Nf4 Bd6 15. Be2 Qf6 16. g3 Rd8 17. Be3 Be5 18. O-O Bxd4 19. Bxd4 Qxd4+ 20. Qxd4 Rxd4 21. h4 Ne6 22. Nxe6 fxe6 23. Kf2 Ke7 24. Ke3 Rb4 0-1

[Event "*** SCC Grand Prix: Titled Tuesday Blitz"]
[Site "Chess.com"]
[Date "2020.09.08"]
[Round "6"]
[White "Agibileg"]
[Black "Tekushka"]
[Result "1/2-1/2"]
[WhiteElo "2579"]
[BlackElo "2430"]
[TimeControl "180+1"]
[EndTime "11:05:47 PDT"]
[Termination "Game drawn by repetition"]

1. d4 d5 2. c4 c6 3. Nc3 Nf6 4. Nf3 dxc4 5. a4 Bf5 6. Ne5 Nbd7 7. Nxc4 Qc7 8. g3 e5 9. dxe5 Nxe5 10. Bf4 Nfd7 11. Bg2 g5 12. Ne3 gxf4 13. Nxf5 O-O-O 14. O-O fxg3 15. hxg3 Nc5 16. Qc2 a5 17. Ne4 Nxe4 18. Qxe4 h5 19. Rac1 Bb4 20. Rfd1 Kb8 21. e3 Ng6 22.
Nd4 h4 23. Rxc6 Rxd4 24. Rxc7 Rxe4 25. Rdd7 Re7 26. Rxb7+ Kc8 27. Rbc7+ Kb8 28. Rb7+ Kc8 29. Rbc7+ Kb8 30. Rb7+ 1/2-1/2

[Event "*** SCC Grand Prix: Titled Tuesday Blitz"]
[Site "Chess.com"]
[Date "2020.09.08"]
[Round "6"]
[White "RusPakhom"]
[Black "IANOV0007"]
[Result "0-1"]
[WhiteElo "2285"]
[BlackElo "2424"]
[TimeControl "180+1"]
[EndTime "11:05:50 PDT"]
[Termination "IANOV0007 won by checkmate"]

1. e4 d6 2. d4 Nf6 3. Nc3 c6 4. Nf3 Qa5 5. Be2 Nxe4 6. O-O Nxc3 7. bxc3 Qxc3 8. Be3 Nd7 9. Rb1 Qa5 10. c4 e6 11.
d5 e5 12. dxc6 bxc6 13. Qc2 Be7 14. Bd3 h6 15. Be4 Qc7 16. Qd2 Nf6 17. Bc2 Be6 18. Rfe1 Ng4 19. Be4 f5 20. Bc2 O-O 21. c5 d5 22. Ba4 f4 23. Bxf4 Rxf4 24. Bc2 e4 25. Nd4 Rxf2 26. Nxe6 Qxh2# 0-1

[Event "*** SCC Grand Prix: Titled Tuesday Blitz"]
[Site "Chess.com"]
[Date "2020.09.08"]
[Round "6"]
[White "Rud_Makarian"]
[Black "maximnovik"]
[Result "1-0"]
[WhiteElo "2754"]
[BlackElo "2509"]
[TimeControl "180+1"]
[EndTime "11:05:51 PDT"]
[Termination "Rud_Makarian won on time"]

1. d4 Nf6 2. Nf3 g6 3. Bf4 Bg7 4. h3 O-O 5. e3 c5 6. c3 b6 7. Be2 d6 8. O-O Ba6 9. a4 Qc8 10. a5 Qb7 11. Re1 Bxe2 12. Qxe2 Na6 13. Na3 Nc7 14. e4 Ne6 15. Bh2 cxd4 16. cxd4 bxa5 17. Nc4 Rab8 18. Rxa5 Rfc8 19. e5 Nd5 20. exd6 Nef4 21. Qf1 Qb4 22. dxe7 Ne6 23. Bxb8 Nxe7 24. Bd6 1-0

[Event "*** SCC Grand Prix: Titled Tuesday Blitz"]
[Site "Chess.com"]
[Date "2020.09.08"]
[Round "6"]
[White "Zarinur"]
[Black "Justinz"]
[Result "0-1"]
[WhiteElo "2128"]
[BlackElo "2403"]
[TimeControl "180+1"]
[EndTime "11:05:58 PDT"]
[Termination "Justinz won by resignation"]

1. e4 c5 2. Nf3 d6 3. Bb5+ Nd7 4. O-O a6 5. Bxd7+ Bxd7 6. d4 cxd4 7. Qxd4 e5 8. Qd3 Be7 9. c4 b5 10. Nc3 Nf6 11. Bg5 bxc4 12. Qxc4 O-O 13. Qd3 Be6 14.
Rad1 Rb8 15. b3 Qa5 16. Rd2 Rfc8 17. Rc1 Rc5 18. Rdc2 Rbc8 19. Bxf6 Bxf6 20. Nd5 Bxd5 21. exd5 g6 22. h3 Rxc2 23. Rxc2 Rxc2 24. Qxc2 Qxd5 25. Qc8+ Kg7 26. Qxa6 e4 27. Ne1 Qd1 28. Qf1 Bc3 29. Nf3 Qxf1+ 30. Kxf1 exf3 31. gxf3 Kf6 32. Ke2 d5 33. Kd3 Bb4 34. Kd4 Ke6 35. f4 f5 36. f3 Kd6 37. h4 h5 38. a4 Ba5 39.
Kd3 Kc5 0-1

[Event "*** SCC Grand Prix: Titled Tuesday Blitz"]
[Site "Chess.com"]
[Date "2020.09.08"]
[Round "6"]
[White "manitodeplomo"]
[Black "AniJak"]
[Result "1-0"]
[WhiteElo "2569"]
[BlackElo "2362"]
[TimeControl "180+1"]
[EndTime "11:06:00 PDT"]
[Termination "manitodeplomo won by resignation"]

1. d4 d5 2. c4 c6 3. Nf3 Nf6 4. Nc3 e6 5. Bg5 h6 6. Bxf6 Qxf6 7. e3 g6 8. Qc2 Bg7 9. O-O-O Nd7 10. Kb1 a5 11. h4 O-O 12. Be2 dxc4 13. Bxc4 b5 14.
Bd3 a4 15. Ne4 Qe7 16. Qxc6 Rb8 17. Qd6 Qxd6 18. Nxd6 Ba6 19. Rc1 Rfd8 20. Rc6 Nb6 21. Rhc1 Bf8 22. Nxb5 Bxb5 23. Bxb5 Nd5 24. Bxa4 Rb4 25.
Bb3 Rdb8 26. Rc8 Ne7 27. Rxb8 Rxb8 28. Ne5 Nf5 29. g3 Bd6 30. Nc4 Be7 31. Bc2 Ng7 32.
Bd3 Nh5 33. Be2 Nf6 34. Bf3 g5 35. hxg5 hxg5 36. a3 Kg7 37. Ka2 Kg6 38. Ne5+ Kg7 39. Rc7 1-0

[Event "*** SCC Grand Prix: Titled Tuesday Blitz"]
[Site "Chess.com"]
[Date "2020.09.08"]
[Round "6"]
[White "fabianvivasz"]
[Black "wadsy27"]
[Result "0-1"]
[WhiteElo "2317"]
[BlackElo "2561"]
[TimeControl "180+1"]
[EndTime "11:06:00 PDT"]
[Termination "wadsy27 won on time"]

1. c4 e5 2. Nc3 Bb4 3. Nd5 Be7 4.
Nf3 c6 5. Nxe7 Qxe7 6. g3 d6 7. Bg2 f5 8. O-O Nf6 9. b4 Be6 10. d3 h6 11. Bb2 O-O 12. c5 Nbd7 13. cxd6 Qxd6 14. a3 a5 15. bxa5 Rxa5 16. Qd2 Rfa8 17. Rfc1 Bd5 18. Bc3 Ra4 19. Qb2 e4 20. Nd4 exd3 21.
Nxf5 Qe6 22. Nd4 Qf7 23. exd3 Bxg2 24. Kxg2 Qd5+ 25. f3 Nc5 0-1

[Event "*** SCC Grand Prix: Titled Tuesday Blitz"]
[Site "Chess.com"]
[Date "2020.09.08"]
[Round "6"]
[White "nau64"]
[Black "niki_2003"]
[Result "1-0"]
[WhiteElo "2302"]
[BlackElo "1638"]
[TimeControl "180+1"]
[EndTime "11:06:02 PDT"]
[Termination "nau64 won by resignation"]

1. d4 Nf6 2. c4 e6 3. Nc3 Bb4 4. Nf3 c5 5. g3 Na6 6. Bg2 O-O 7.
O-O Bxc3 8. bxc3 Qa5 9. Qd3 Nb8 10. Bg5 d6 11. Bxf6 gxf6 12. Qe3 cxd4 13. cxd4 Qf5 14. Nh4 Qg5 15. f4 Qh5 16. Rab1 Nc6 17. Rb5 Qh6 18. Bf3 f5 19. Bg2 Qf6 20. Nf3 a6 21. Rb6 Na5 22. Qc3 Nc6 23. Rc1 Kg7 24. e3 Rb8 25. d5 Ne7 26. Rxd6 Qxc3 27. Rxc3 Rd8 28.
Rxd8 1-0

[Event "*** SCC Grand Prix: Titled Tuesday Blitz"]
[Site "Chess.com"]
[Date "2020.09.08"]
[Round "6"]
[White "diamonds13"]
[Black "chessbia"]
[Result "1-0"]
[WhiteElo "2290"]
[BlackElo "2165"]
[TimeControl "180+1"]
[EndTime "11:06:02 PDT"]
[Termination "diamonds13 won by resignation"]

1. d4 d5 2. c4 e6 3. Nc3 Nf6 4. cxd5 exd5 5. Bg5 Be7 6. e3 c6 7. Bd3 O-O 8. Nge2 Nbd7 9. f3 Re8 10. O-O Nf8 11.
Qc2 a5 12. Rae1 b5 13. Ng3 a4 14. a3 b4 15. axb4 Bxb4 16. Nxa4 Bd7 17. Nc3 c5 18. Nxd5 Bxe1 19. Rxe1 cxd4 20. e4 Be6 21. Nxf6+ gxf6 22. Bh6 Rc8 23. Qf2 Qd6 24. f4 Ra8 25. e5 Qb4 26. Nh5 Ng6 27. Nxf6+ Kh8 28. f5 Re7 29. fxg6 fxg6 30. Bd2 Qxb2 31. Bxg6 Ra1 32.
Bd3 Rxe1+ 33. Qxe1 Qb8 34. h3 Bg8 35. Bf4 Qb3 36.
Qe4 Qd1+ 37. Kh2 Qa4 38. Nxg8 Kxg8 39. Bg5 Rg7 40. Qd5+ Kf8 41. Bh6 1-0